 Dungeon Crawl Stone Soup version 0.32-a0-893-gf85d74f360 (webtiles) character file.

Game seed: 15100799814889499105

16146 BubbleThief the Fighter (level 12, 0/107 HPs)
             Began as a Demonspawn Necromancer on Apr 3, 2024.
             Was an Elder of Kikubaaqudgha.
             Slain by a komodo dragon (28 damage)
             ... on level 11 of the Dungeon.
             The game lasted 00:36:11 (14734 turns).

BubbleThief the Fighter (Demonspawn Necromancer)   Turns: 14734, Time: 00:36:12

Health: 0/107      AC:  7    Str: 11    XL:     12   Next: 7%
Magic:  13/21      EV: 15    Int: 19    God:    Kikubaaqudgha [****..]
Gold:   984        SH:  0    Dex: 13    Spells: 6/23 levels left

rFire   . . .        B - +1 spear (venom)
rCold   + . .        (no shield)
rNeg    . . .        H - +0 acid dragon scales
rPois   .            (helmet restricted)
rElec   .            A - +0 cloak
rCorr   +            (gloves unavailable)
SInv    .            (no boots)
Will    +....        (no amulet)
Stlth   +            c - ring of willpower
HPRegen 0.37/turn    t - ring of protection from cold
MPRegen 0.17/turn

%: no passive effects
@: mighty, agile, studying Fighting
A: antennae 2, hooves 1, powered by pain 2, demonic touch 3
a: Renounce Religion, Unearth Wretches


You were on level 11 of the Dungeon.
You worshipped Kikubaaqudgha.
Kikubaaqudgha was greatly pleased with you.
You visited 2 branches of the dungeon, and saw 12 of its levels.
You also visited: Sewer.

You collected 1034 gold pieces.
You spent 50 gold pieces at shops.

Inventory:

Hand Weapons
 B - a +1 spear of venom (weapon)
 G - a +1 glaive of freezing
Missiles
 z - 2 throwing nets
Armour
 a - a +0 robe
 v - a scarf of invisibility
 A - a +0 cloak (worn)
 H - +0 acid dragon scales (worn)
Jewellery
 c - a ring of willpower (left hand)
 k - a ring of fire
 t - a ring of protection from cold (right hand)
 F - a ring of ice
Wands
 d - a wand of flame (14)
 p - a wand of charming (11)
 D - a wand of digging (5)
Scrolls
 f - 2 scrolls of amnesia
 g - a scroll of fog
 h - a scroll of identify
 j - 2 scrolls of blinking
 l - 2 scrolls of noise {unknown}
 r - 4 scrolls of fear
 u - 5 scrolls of teleportation {unknown}
 x - 3 scrolls of butterflies {unknown}
 y - 3 scrolls of enchant armour {unknown}
Potions
 b - a potion of magic
 e - 3 potions of enlightenment
 i - 3 potions of mutation
 m - 11 potions of curing
 n - 4 potions of heal wounds
 o - a potion of ambrosia {unknown}
 q - 2 potions of haste {unknown}
 s - 2 potions of lignification {unknown}
 w - 2 potions of might
 C - a potion of brilliance
 E - 2 potions of cancellation
 I - a potion of attraction {unknown}


   Skills:
 - Level 14.0 Fighting
 + Level 6.6 Polearms
 - Level 1.7 Dodging
 - Level 1.7 Stealth
 - Level 6.0 Spellcasting
 + Level 11.9 Necromancy


You had 6 spell levels left.
You knew the following spells:

 Your Spells              Type           Power      Damage    Failure   Level
a - Necrotise             Necr           100%       1d9       1%          1
b - Vampiric Draining     Necr           50%        2d9       1%          3
c - Animate Dead          Necr           50%        N/A       1%          4
d - Dispel Undead         Necr           50%        3d19      1%          4
e - Curse of Agony        Necr           50%        N/A       3%          5

Your spell library contained the following spells:

 Spells                   Type           Power      Damage    Failure   Level
 Kiss of Death            Conj/Necr      100%       2d13      1%          1
 Cigotuvi's Dreadful Rot  Necr/Alch/Air  40%        N/A       5%          2
 Anguish                  Hex/Necr       14%        N/A       16%         4
 Death Channel            Necr           25%        N/A       21%         6
 Borgnjor's Vile Clutch   Necr/Erth      14%        N/A       38%         5
 Call Canine Familiar     Summ           5%         N/A       45%         3
 Sigil of Binding         Hex            5%         N/A       45%         3
 Tukima's Dance           Hex            5%         N/A       45%         3
 Animate Armour           Summ/Erth      10%        N/A       86%         4
 Dimensional Bullseye     Hex/Tloc       2%         N/A       86%         4
 Iskenderun's Mystic Bla Conj/Tloc 5%             2d3        (+2d1     86%         4
 Infestation              Necr           25%        N/A       100%        8


Dungeon Overview and Level Annotations

Branches:
Dungeon (11/15)            Temple (1/1) D:5             Orc (0/2) D:10
  Sewer (visited)
   Lair: D:8-11

Altars:
Ashenzari
Cheibriados
Dithmenos
Fedhas
Gozag
Hepliaklqana
Kikubaaqudgha
Makhleb
Nemelex Xobeh
Okawaru
Qazlal
Ru
Sif Muna
Trog
Uskayaw
Vehumet
Wu Jian
Xom
Yredelemnul

Shops:
D:5 !(

Annotations:
D:7 Maggie
D:8 2 transporters, Chadd's ghost, novice CoHu


Innate Abilities, Weirdness & Mutations

You have a pair of antennae on your head.
You have large cloven feet.
You sometimes gain power by taking damage.
Your touch may irresistibly damage your foes and sap their willpower.


Message History

Your manticore zombie bites the centaur warrior!
Your manticore zombie barely misses the centaur warrior. x2
Unknown command.
Reach: B) +1 spear (venom)
Press: ? - help, Dir - move target, f - centaur warrior
Aim: a centaur warrior, wielding a +0 shortbow (moderately wounded, ally target, about 24% to evade your +1 spear of venom)
You reach to attack!
You puncture the centaur warrior!
The centaur warrior is poisoned.
The centaur warrior is heavily wounded.
The centaur warrior unwields a +0 shortbow.
The centaur warrior wields a +0 war axe.
The centaur warrior hits your yak zombie with a +0 war axe.
The centaur warrior hits your manticore zombie with a +0 war axe.
The centaur warrior kicks your yak zombie.
Your yak zombie gores the centaur warrior.
Something hits your yak zombie!
Reach: B) +1 spear (venom)
Press: ? - help, Dir - move target, f/p - centaur warrior
Aim: a centaur warrior, wielding a +0 war axe (severely wounded, very poisoned, ally target, about 24% to evade your +1 spear of venom)
You could not reach far enough!
The centaur warrior hits your yak zombie with a +0 war axe!!
Your yak zombie is destroyed!
The centaur warrior hits your manticore zombie with a +0 war axe!
Your manticore zombie barely misses the centaur warrior.
Your manticore zombie claws the centaur warrior. x2
Unknown command.
Unknown command.
Reach: B) +1 spear (venom)
Press: ? - help, Dir - move target, f/p - centaur warrior
Aim: a centaur warrior, wielding a +0 war axe (severely wounded, not watching you, very poisoned, ally target, about 24% to evade your +1 spear of venom)
The komodo dragon is in the way.
You puncture the komodo dragon! Your touch misses the komodo dragon.
The komodo dragon is lightly wounded.
The centaur warrior hits your manticore zombie with a +0 war axe!!
Your manticore zombie is destroyed!
Your two-headed ogre zombie hits the komodo dragon!
Your two-headed ogre zombie closely misses the komodo dragon.
The komodo dragon bites you!!
You die...
Kikubaaqudgha rasps: You have failed me!
Welcome... death!

.... ..[.###..
##... .........
.... #......{ ...
#....# ..#
#...#######yc# ##
##†.#..#$@#{.#.$#
##......#.Zlc....#
#......###Z.....##
#..#(.Z.(.Z###.....
#...........# ....
####).##....#.$#
...
##...........####
..
#............#..# .
. #..##....#......#
..


You could see a centaur warrior (unaware, very poisoned, ally target), a komodo
dragon, a friendly basilisk zombie, a friendly yak zombie and a friendly
two-headed ogre zombie.

Vanquished Creatures
  4 two-headed ogres
  2 manticores
  2 cyclopes (D:11)
  An unseen horror (D:10)
  A gargoyle (D:8)
  Grinder (D:5)
  A centaur simulacrum (D:10)
  2 wyverns
  11 yaks
  A steam dragon (D:7)
  3 wargs (D:10)
  A vampire mosquito (D:11)
  4 water moccasins
  5 orc warriors
  2 black bears
  7 centaurs
  2 ogres
  5 phantoms (D:7)
  2 bullfrogs
  2 kobold brigands
  6 scorpions
  A wyvern zombie (D:6)
  3 wights (D:6)
  5 killer bees
  6 howler monkeys
  4 crimson imps (D:6)
  2 hounds
  5 centaur zombies
  4 orc priests
  3 bombardier beetles
  2 gnoll boudas (D:5)
  9 sleepcaps
  Jessica (D:3)
  Ijyb (D:3)
  4 iguanas
  9 orc wizards
  A scorpion zombie (D:7)
  4 killer bee zombies (D:7)
  14 gnolls
  6 river rats
  14 adders
  3 shadow imps (D:7)
  A white imp (D:5)
  2 dart slugs
  A ribbon worm (D:2)
  25 orcs
  7 bats
  5 endoplasms
  4 giant cockroaches
  6 goblins
  7 hobgoblins
  3 jackals (D:3)
  5 quokkas
  8 ball pythons
  5 frilled lizards
  10 kobolds
  15 rats
270 creatures vanquished.

Vanquished Creatures (collateral kills)
  2 two-headed ogres
  A troll (D:11)
  2 hornets (D:9)
  A shadow (D:9)
  11 yaks
  A basilisk (D:11)
  A steam dragon (D:9)
  An acid dragon (D:9)
  A water moccasin (D:7)
  An ice beast (D:8)
  3 orc warriors
  A black bear (D:7)
  A centaur (D:9)
  A gnoll sergeant (D:11)
  A bullfrog (Sewer)
  2 wights
  5 killer bees (D:8)
  A yak zombie (D:9)
  3 howler monkeys
  A hound (D:6)
  A jelly (D:4)
  An orc wizard (D:8)
  2 gnolls
  4 adders (Sewer)
  A river rat (Sewer)
  A dart slug (D:4)
  5 orcs
  6 ball pythons (Sewer)
  2 giant cockroaches
  A goblin (D:3)
  A jackal (D:3)
  2 kobolds (D:7)
  15 rats
83 creatures vanquished.

Vanquished Creatures (others)
  A centaur warrior (D:9)
  A boulder beetle (D:9)
  A manticore (D:9)
  A yak (D:9)
  2 two-headed ogre zombies
  A sky beast (D:9)
  3 manticore zombies
  An orc warrior (D:9)
  A bullfrog (D:8)
  A water moccasin zombie (D:7)
  A cyclops zombie (D:11)
  13 yak zombies
  2 centaur zombies
  A bullfrog zombie (D:8)
  2 scorpion zombies
  A sky beast zombie (D:9)
  An ogre zombie (D:7)
  2 hound zombies (D:6)
  4 howler monkey zombies
  An iguana zombie (D:9)
  A kobold (D:8)
  A river rat zombie (Sewer)
  A bombardier beetle zombie (D:6)
  9 gnoll zombies
  5 kobold zombies
  10 orc zombies
  A rat zombie (Sewer)
69 creatures vanquished.

Grand Total: 422 creatures vanquished

Notes
Turn   | Place    | Note
-------+----------+-------------------------------------------
     0 | D:1      | BubbleThief the Demonspawn Necromancer began the quest for
                  | the Orb.
     0 | D:1      | Reached XP level 1. HP: 13/13 MP: 3/3
   251 | D:1      | Discovered your monstrous ancestry.
   251 | D:1      | Gained mutation: Your touch may inflict minor irresistible
                  | damage on your foes. [demonic ancestry]
   251 | D:1      | Reached XP level 2. HP: 4/19 MP: 0/5
   651 | D:1      | Reached skill level 5 in Necromancy
   965 | D:2      | Reached XP level 3. HP: 13/24 MP: 1/6
  1554 | D:3      | Noticed Jessica
  1560 | D:3      | Killed Jessica
  1561 | D:3      | Gained mutation: You sometimes gain a little power by
                  | taking damage. [demonic ancestry]
  1561 | D:3      | Reached XP level 4. HP: 30/30 MP: 2/8
  1566 | D:3      | Identified the +4 whip "Cyakk" {speed, rElec Str+4 Dex-2}
  1616 | D:3      | Noticed Ijyb
  1623 | D:3      | Killed Ijyb
  1633 | D:3      | Learned a level 3 spell: Vampiric Draining
  2313 | D:3      | Reached XP level 5. HP: 22/35 MP: 1/9
  3145 | D:4      | Gained mutation: You have a pair of small antennae on your
                  | head. [demonic ancestry]
  3145 | D:4      | Reached XP level 6. HP: 36/41 MP: 0/11
  3317 | D:5      | Entered Level 5 of the Dungeon
  3626 | D:5      | Learned a level 4 spell: Animate Dead
  3797 | D:5      | Found a staircase to the Ecumenical Temple.
  3834 | Temple   | Entered the Ecumenical Temple
  3844 | Temple   | Became a worshipper of Kikubaaqudgha
  3881 | D:5      | Reached skill level 2 in Fighting
  3881 | D:5      | Gained mutation: Your touch may inflict irresistible damage
                  | on your foes. [demonic ancestry]
  3881 | D:5      | Reached XP level 7. HP: 44/51 MP: 7/13
  3941 | D:5      | Found Pouxt's Firing Range.
  4021 | D:5      | Noticed Grinder
  4031 | D:5      | Paralysed by Grinder for 4 turns
  4053 | D:5      | Paralysed by Grinder for 4 turns
  4227 | D:6      | Found a blossoming altar of Fedhas.
  4251 | D:6      | Reached skill level 3 in Fighting
  4280 | D:6      | Reached skill level 4 in Fighting
  4328 | D:6      | Found a glowing drain.
  4332 | Sewer    | Entered a sewer
  4593 | Sewer    | Reached * piety under Kikubaaqudgha
  4593 | Sewer    | Received a gift from Kikubaaqudgha
  4805 | Sewer    | Reached skill level 5 in Fighting
  4867 | Sewer    | Reached ** piety under Kikubaaqudgha
  4941 | D:6      | Reached skill level 6 in Fighting
  4941 | D:6      | Gained mutation: You have a pair of antennae on your head.
                  | [demonic ancestry]
  4941 | D:6      | Reached XP level 8. HP: 64/64 MP: 14/14
  5143 | D:7      | Reached skill level 7 in Fighting
  5480 | D:5      | Killed Grinder
  5481 | D:5      | Reached skill level 8 in Fighting
  5718 | D:5      | Reached skill level 9 in Fighting
  5940 | D:5      | Found Duryne Oheck's Distillery.
  5949 | D:5      | Bought a potion of heal wounds for 50 gold pieces
  6212 | D:6      | Gained mutation: You have large cloven feet. [demonic
                  | ancestry]
  6212 | D:6      | Reached XP level 9. HP: 77/77 MP: 13/15
  6379 | D:6      | Found a basalt altar of Yredelemnul.
  6426 | D:6      | Reached skill level 10 in Fighting
  6427 | D:6      | Reached *** piety under Kikubaaqudgha
  6427 | D:6      | Received a gift from Kikubaaqudgha
  6575 | D:6      | Found a shimmering altar of Xom.
  6953 | D:7      | Reached skill level 11 in Fighting
  7349 | D:7      | Reached skill level 12 in Fighting
  7721 | D:7      | Gained mutation: You sometimes gain power by taking damage.
                  | [demonic ancestry]
  7721 | D:7      | Reached XP level 10. HP: 33/90 MP: 3/16
  8574 | D:7      | Reached skill level 13 in Fighting
  8612 | D:7      | Noticed Maggie
  9243 | D:8      | Reached skill level 14 in Fighting
  9438 | D:8      | Noticed a manticore
  9469 | D:8      | Killed a manticore
  9551 | D:8      | Noticed a gargoyle
  9560 | D:8      | Killed a gargoyle
  9561 | D:8      | Reached skill level 5 in Spellcasting
  9778 | D:8      | Found a transporter.
  9779 | D:8      | Found a transporter.
  9779 | D:8      | Noticed Chadd's ghost (novice CoHu)
  9779 | D:8      | Identified the +6 great mace "Samuvocw" {flame, rPois rF+
                  | rC- rN+ Str+3}
 10744 | D:9      | Gained mutation: Your touch may irresistibly damage your
                  | foes and sap their willpower. [demonic ancestry]
 10744 | D:9      | Reached XP level 11. HP: 73/100 MP: 19/19
 10750 | D:9      | Reached skill level 1 in Polearms
 10862 | D:9      | Got Sif Muna's Anthology of Plutonic Profane Ceremonies
 11165 | D:9      | Noticed a two-headed ogre
 11202 | D:9      | Killed a two-headed ogre
 11841 | D:9      | Reached skill level 10 in Necromancy
 12349 | D:10     | Entered Level 10 of the Dungeon
 12355 | D:10     | Learned a level 4 spell: Dispel Undead
 12361 | D:10     | Learned a level 5 spell: Curse of Agony
 12517 | D:10     | Found a stormy altar of Qazlal.
 12573 | D:10     | Noticed a two-headed ogre
 12584 | D:10     | Killed a two-headed ogre
 12949 | D:10     | Noticed a two-headed ogre
 12958 | D:10     | Killed a two-headed ogre
 12974 | D:10     | Reached skill level 5 in Polearms
 13352 | D:10     | Found a staircase to the Orcish Mines.
 13480 | D:10     | Reached **** piety under Kikubaaqudgha
 13779 | D:10     | Identified the +4 dagger of Uskayaw's Favour {flame, Fly
                  | rPois Dex+2 Stlth+}
 14459 | D:11     | Noticed a two-headed ogre
 14470 | D:11     | Killed a two-headed ogre
 14510 | D:11     | Reached XP level 12. HP: 38/107 MP: 6/21
 14725 | D:11     | Noticed a centaur warrior
 14734 | D:11     | Slain by a komodo dragon

Illustrated notes

Levels and vault maps discovered:
D:1:      eino_arrival_cavern_e, layout_basic, minmay_misc_feat_alley
D:2:      layout_basic, nicolae_kite_square_tiling_tiny
D:3:      layout_loops_corners, minmay_misc_feat_enclosed,
          minmay_fractal_squares_5, uniq_jessica, uniq_ijyb
D:4:      layout_rooms, hellmonk_no_cap
D:5:      layout_rooms, temple_pool_b, serial_shops, shop, minmay_door_square,
          nicolae_shop_firing_range, uniq_grinder
D:6:      layout_basic, lemuel_zombie_altar_yredelemnul, old_standard_altar,
          led_xom_imps, tso_oasis_becter, gup_sewer_entry_spiral
D:7:      bobbens_index_wilting_gardens, layout_basic, nicolae_titane,
          uniq_maggie
D:8:      layout_gridville, gammafunk_ghost_smash, minmay_manual_mail
D:9:      minmay_polygon_palace, layout_small_grid
D:10:     layout_basic, nicolae_qazlal_style_of_elements,
          mainiacjoe_overflow_paths, david_orc_1_choice
D:11:     hangedman_cross_cluster, layout_loops_cross, david_lair_generic
Temple:   nicolae_temple_slightly_damp_pantheon

Skill      XL: |  1  2  3  4  5  6  7  8  9 10 11 |
---------------+----------------------------------+-----
Necromancy     | 5 6 7 9 11 | 11.9
Spellcasting   | 3 4 5 6 |  6.0
Fighting       | 2 6 9 12 14 | 14.0
Polearms       | 6 |  6.6
Dodging        | |  1.7
Stealth        | |  1.7

Action                     |  1- 3 |  4- 6 |  7- 9 | 10-12 || total
---------------------------+-------+-------+-------+-------++-------
  Melee: Spear             |    19 |       |     3 |   115 ||   137
         Unarmed           |     1 |       |       |       ||     1
         Touch             |     1 |     3 |    40 |    50 ||    94
         Whip              |       |    16 |   200 |   139 ||   355
         Kick              |       |       |    39 |   102 ||   141
         Glaive            |       |       |       |    82 ||    82
   Cast: Necrotise         |    71 |   106 |   111 |    25 ||   313
         Vampiric Draining |       |       |    17 |    44 ||    61
         Animate Dead      |       |       |     6 |    10 ||    16
         Dispel Undead     |       |       |       |     3 ||     3
 Invoke: Unearth Wretches  |       |       |       |     5 ||     5
  Evoke: Wand              |       |       |       |     3 ||     3
    Use: Scroll            |       |       |     7 |     6 ||    13
   Stab: Distracted        |     1 |       |       |       ||     1
         Paralysed         |       |       |       |     6 ||     6
         Sleeping          |       |       |       |     1 ||     1
 Armour: Robe              |    47 |    34 |   183 |   178 ||   442
         Acid dragon scale |       |       |       |   103 ||   103
  Dodge: Dodged            |    27 |    24 |   145 |   196 ||   392

Table legend: (Time is in decaauts)
 A = Elapsed time spent in this place.
 B = Non-inter-level travel time spent in this place.
 C = Inter-level travel time spent in this place.
 D = Time resting spent in this place.
 E = Time spent auto-exploring this place.
 F = Levels seen in this place.
 G = Mean time per level.
                   A        B        C        D        E       F      G
               +--------+--------+--------+--------+--------+-----+--------+
         Total |  14776 |  14472 |    304 |    446 |  11447 |  13 | 1136.6 |
       Dungeon |  14117 |  13822 |    295 |    432 |  11013 |  11 | 1283.4 |
        Temple |     20 |     11 |      9 |      0 |      0 |   1 |   20.0 |
         Sewer |    637 |    637 |      0 |     14 |    434 |   1 |  637.0 |
               +--------+--------+--------+--------+--------+-----+--------+

Top non-repeatable levels by time:
     D:7: 2311 daAuts
     D:9: 2152 daAuts
    D:10: 2103 daAuts
     D:6: 1333 daAuts
     D:8: 1317 daAuts
     D:5: 1172 daAuts
     D:3: 1146 daAuts
     D:1: 950 daAuts
     D:4: 808 daAuts
   Sewer: 637 daAuts
     D:2: 544 daAuts
    D:11: 277 daAuts
  Temple: 20 daAuts
